 Dungeon Crawl Stone Soup version 0.30.1-11-g7821555f0a (webtiles) character file.

Game seed: 3454766525528252619

1223 FakeRyeBread the Cleaver (level 8, -5/71 HPs)
             Began as a Hill Orc Fighter on Dec 3, 2023.
             Slain by a lemure (6 damage)
             ... led by Pikel
             ... on level 6 of the Dungeon.
             The game lasted 00:13:03 (4976 turns).

FakeRyeBread the Cleaver (Hill Orc Fighter)         Turns: 4976, Time: 00:13:04

Health: -5/71      AC:  5    Str: 24    XL:     8   Next: 47%
Magic:  0/8        EV: 10    Int:  8    God:
Gold:   268        SH:  5    Dex:  5    Spells: 7/7 levels left

rFire   x . .        C - +1 broad axe
rCold   + . .        c - +1 buckler
rNeg    + . .        t - +2 ring mail {rPois}
rPois   +            (no helmet)
rElec   +            (no cloak)
rCorr   +            (no gloves)
SInv    +            o - +0 pair of boots
Will    .....        m - amulet of guardian spirit Stlth
                     u - ring of Calac {rPois rN+ Str+3 Dex-5 SInv}
HPRegen 0.31/turn    v - ring "Dolobeg" {Ice rElec rCorr}
MPRegen 0.11/turn

%: guardian spirit
@: corroded
A: no striking features
a: no special abilities


You were on level 6 of the Dungeon.
You visited 1 branch of the dungeon, and saw 6 of its levels.

You collected 268 gold pieces.

Inventory:

Hand Weapons
 C - a +1 broad axe (weapon)
Missiles
 e - 6 boomerangs (quivered)
 f - 5 boomerangs of dispersal
 z - a throwing net
Armour
 c - a +1 buckler (worn)
 o - a +0 pair of boots (worn)
 t - a +2 ring mail of poison resistance (worn)
Jewellery
 m - an amulet of guardian spirit (around neck)
 u - the ring of Calac (left hand) {rPois rN+ Str+3 Dex-5 SInv}
   (You acquired it on level 2 of the Dungeon)

   [ring of poison resistance]

   Str:       It affects your strength (+3).
   Dex:       It affects your dexterity (-5).
   rPois:     It protects you from poison.
   rN:        It protects you from negative energy.
   SInv:      It lets you see invisible.
 v - the ring "Dolobeg" (right hand) {Ice rElec rCorr}
   (You acquired it on level 2 of the Dungeon)

   [ring of ice]

   It enhances your ice magic.
   rF:        It makes you vulnerable to fire.
   rC:        It protects you from cold.
   rElec:     It insulates you from electricity.
   rCorr:     It protects you from acid and corrosion.
Wands
 h - a wand of roots (6)
 A - a wand of flame (36)
 E - a wand of paralysis (7)
Scrolls
 a - a scroll of magic mapping
 b - a scroll of poison
 l - 2 scrolls of blinking
 r - a scroll of teleportation
 s - 2 scrolls of enchant armour
 w - a scroll of fear
 y - a scroll of amnesia
Potions
 d - a potion of berserk rage {unknown}
 g - a potion of cancellation
 j - a potion of mutation {unknown}
 n - 2 potions of degeneration
 p - a potion of brilliance {unknown}
 q - 3 potions of lignification
 x - 2 potions of attraction
 B - 2 potions of invisibility


   Skills:
 + Level 6.4 Fighting
 * Level 8.6 Axes
 + Level 5.8 Armour
 + Level 5.8 Shields


You had 7 spell levels left.
You didn't know any spells.
Your spell library contained the following spells:

 Spells                   Type           Power      Damage    Failure   Level
 Freeze                   Ice            0%         1d3       61%         1
 Blink                    Tloc           0%         N/A       75%         2
 Cigotuvi's Dreadful Rot  Necr/Pois/Air  0%         N/A       75%         2
 Frozen Ramparts          Ice            0%         1d1       93%         3
 Hailstorm                Conj/Ice       0%         3d3       93%         3
 Inner Flame              Hex/Fire       0%         N/A       93%         3
 Dispel Undead            Necr           0%         3d6       100%        4
 Flame Wave               Conj/Fire      0%         2d4       100%        4
 Ice Form                 Ice/Tmut       0%         N/A       100%        4
 Manifold Assault         Tloc           0%         N/A       100%        4
 Sticky Flame             Conj/Fire      0%         2d3       100%        4
 Summon Ice Beast         Ice/Summ       0%         N/A       100%        4
 Death Channel            Necr           0%         N/A       100%        6
 Storm Form               Tmut/Air       0%         N/A       100%        7


Dungeon Overview and Level Annotations

Branches:
Dungeon (6/15)
 Temple: D:4-7

Altars:
Ashenzari
Cheibriados
Kikubaaqudgha
Okawaru
Wu Jian
Zin

Shops:
D:5 (

Annotations:
D:3 2 runed translucent doors, cent's ghost, amateur VSCA
D:6 Pikel


Message History

You block Pikel's attack. The lemure misses you.
You barely miss Pikel.
Pikel is heavily wounded.
You slash the lemure! You barely miss the lemure. x2
The lemure closely misses you. The lemure barely misses you.
Pikel zaps a wand.
The bolt of acid hits you! You resist.
* * * LOW HITPOINT WARNING * * *
The acid corrodes you! The lemure hits you.
* * * LOW HITPOINT WARNING * * *
You feel much better. The lemure hits you.
Pikel hits you with a +0 whip of freezing.
The lemure hits you. The lemure closely misses you.
You slash Pikel!
Pikel is severely wounded.
You closely miss the lemure. You hit the lemure but do no damage.
You hit the lemure. The lemure hits you!
* * * LOW HITPOINT WARNING * * *
Pikel hits you with a +0 whip of freezing.
* * * LOW HITPOINT WARNING * * *
The lemure barely misses you. x2
You hit Pikel.
Pikel is almost dead.
You hit the lemure but do no damage. You barely miss the lemure.
You miss the lemure.
Pikel hits you with a +0 whip of freezing.
* * * LOW HITPOINT WARNING * * *
Pikel freezes you.
* * * LOW HITPOINT WARNING * * *
The lemure hits you.
* * * LOW HITPOINT WARNING * * *
You block the lemure's attack. The lemure hits you but does no damage.
Pikel closely misses you. The lemure barely misses you. The lemure hits you.
* * * LOW HITPOINT WARNING * * *
The lemure hits you.
* * * LOW HITPOINT WARNING * * *
You hit Pikel but do no damage.
Pikel is almost dead.
You hit the lemure. You closely miss the lemure. You hit the lemure.
The lemure hits you.
You die...

##...!... ....
#........ .....
......... .....
........##...##.
.................
.......[....#.....
....[.K55........
.......@5#..#.#.#
.........##...#.#
.<.......#...#..###
....................
.................#
.........###.....#
.........###.....###
#...................
##........#...##....


You could see Pikel and 3 lemures.

Vanquished Creatures
  Sigmund (D:3)
  A water moccasin (D:6)
  A sky beast (D:6)
  The ghost of auo the Ruffian, an amateur DrTm (D:5)
  A lemure (D:6)
  A necrophage (D:5)
  A wyvern zombie (D:5)
  A gnoll sergeant (D:5)
  A scorpion (D:4)
  A centaur zombie (D:5)
  2 hounds (D:5)
  2 bullfrog skeletons (D:5)
  2 iguanas
  An orc wizard (D:5)
  12 gnolls
  7 adders
  A white imp (D:6)
  An ufetubus (D:4)
  A worm (D:4)
  2 dart slugs
  10 orcs
  3 bats
  6 endoplasms
  3 giant cockroaches
  5 goblins
  9 hobgoblins
  6 jackals (D:1)
  4 quokkas
  6 ball pythons
  2 frilled lizards
  7 kobolds
  4 rats
106 creatures vanquished.

Vanquished Creatures (others)
  2 orc wizards (D:5)
2 creatures vanquished.

Grand Total: 108 creatures vanquished

Notes
Turn   | Place    | Note
-------+----------+-------------------------------------------
     0 | D:1      | FakeRyeBread the Hill Orc Fighter began the quest for the
                  | Orb.
     0 | D:1      | Reached XP level 1. HP: 19/19 MP: 1/1
    64 | D:1      | Reached skill level 3 in Axes
    92 | D:1      | Reached XP level 2. HP: 27/27 MP: 2/2
   804 | D:1      | Reached XP level 3. HP: 33/33 MP: 3/3
  1473 | D:2      | Identified 3 scrolls of acquirement
  1473 | D:2      | Acquired the ring of Calac {rPois rN+ Str+3 Dex-5 SInv}
  1481 | D:2      | Acquired the ring "Dolobeg" {Ice rElec rCorr}
  1483 | D:2      | Acquired the +8 battleaxe of Loizuhyr {freeze, Will+ Str+2}
  1591 | D:3      | Found a runed translucent door.
  1591 | D:3      | Noticed cent's ghost (amateur VSCA)
  1690 | D:3      | Found a runed translucent door.
  1862 | D:3      | Found a snail-covered altar of Cheibriados.
  1863 | D:3      | Found an iron altar of Okawaru.
  1866 | D:3      | Found an ancient bone altar of Kikubaaqudgha.
  1867 | D:3      | Found an ornate altar of the Wu Jian Council.
  1868 | D:3      | Found a broken altar of Ashenzari.
  1921 | D:3      | Reached skill level 4 in Axes
  1941 | D:3      | Noticed Sigmund
  1960 | D:3      | Killed Sigmund
  1961 | D:3      | Reached skill level 5 in Axes
  1961 | D:3      | Reached XP level 4. HP: 25/41 MP: 2/4
  1961 | D:3      | Reached XP level 5. HP: 29/47 MP: 2/5
  2005 | D:3      | Reached XP level 6. HP: 46/53 MP: 6/6
  3225 | D:4      | Reached skill level 5 in Fighting
  3225 | D:4      | Reached skill level 6 in Axes
  3547 | D:5      | Entered Level 5 of the Dungeon
  3578 | D:5      | Reached XP level 7. HP: 38/61 MP: 3/7
  3904 | D:5      | Reached skill level 5 in Shields
  4069 | D:5      | Reached skill level 7 in Axes
  4069 | D:5      | Reached skill level 5 in Armour
  4391 | D:5      | Found Fobiwuur's Antique Weapon Shop.
  4393 | D:5      | Found a transporter.
  4404 | D:5      | Noticed auo's ghost (amateur DrTm)
  4408 | D:5      | Found a transporter.
  4456 | D:5      | Found a glowing silver altar of Zin.
  4759 | D:5      | Killed auo's ghost
  4763 | D:5      | Reached XP level 8. HP: 63/70 MP: 6/8
  4769 | D:5      | Reached skill level 8 in Axes
  4960 | D:6      | Noticed Pikel
  4975 | D:6      | HP: 1/71 [lemure[Pikel] (5)]
  4976 | D:6      | Slain by a lemure

Illustrated notes

Levels and vault maps discovered:
D:1:      ldierk_walled_garden_2, layout_loops_ring, serial_co_window_serial,
          co_window_paths_a, co_window_corner_a, co_window_of_opportunity_a,
          co_window_of_opportunity_a, co_window_corner_a, co_window_corner_a,
          co_window_unsneaky_path_e, co_window_of_opportunity_b,
          co_window_unsneaky_path_e, co_window_broadway_c, co_window_broadway_b,
          amcnicky_mini_pool_small
D:2:      layout_rooms, guppyfry_early_lair_pool
D:3:      layout_basic, minitemple, ebering_ghost_sewer_f, minmay_vboxes,
          uniq_sigmund
D:4:      layout_loops_cross
D:5:      layout_rooms, mainiacjoe_overflow_24_doors, serial_shops, shop,
          gammafunk_ghost_mausoleum
D:6:      layout_rooms, uniq_pikel

Skill      XL: |  1  2  3  4  5  6  7  8 |
---------------+-------------------------+-----
Axes           | 3 5 6 7 8 |  8.6
Fighting       | 4 5 6 |  6.4
Armour         | 4 5 |  5.8
Shields        | 4 5 |  5.8

Action                     |  1- 3 |  4- 6 |  7- 9 || total
---------------------------+-------+-------+-------++-------
  Melee: War axe           |   119 |   121 |    67 ||   307
         Broad axe         |       |       |    93 ||    93
    Use: Scroll            |     9 |     6 |     5 ||    20
         Potion            |       |       |     5 ||     5
 Armour: Scale mail        |    67 |    79 |    10 ||   156
         Ring mail         |       |       |    56 ||    56
  Dodge: Dodged            |    56 |    60 |   112 ||   228
  Block: Buckler           |    33 |    44 |    53 ||   130
